 Dungeon Crawl Stone Soup version 0.27-a0-380-g150de4c316 (webtiles) character file.

Game seed: 5324868838916390415

128 lunkers the Digger (level 4, 0/33 HPs)
             Began as a Demigod Earth Elementalist on Feb 17, 2021.
             Shot with a stone by a goblin (4 damage)
             ... on level 3 of the Dungeon.
             The game lasted 00:05:58 (2936 turns).

lunkers the Digger (Demigod Earth Elementalist)     Turns: 2936, Time: 00:05:59

Health: 0/33       AC:  4    Str: 15    XL:     4   Next: 58%
Magic:  11/11      EV: 12    Int: 21    God:
Gold:   37         SH:  0    Dex: 14    Spells: 2/8 levels left

rFire    + . .     SeeInvis .   a - +0 short sword (drain)
rCold    + . .     Faith    .   (no shield)
rNeg     . . .     Spirit   .   o - +0 robe {rC+ rF+}
rPois    .         Reflect  .   (no helmet)
rElec    .         Harm     .   (no cloak)
rCorr    .         Rampage  .   (no gloves)
Will     .....                  h - +1 pair of boots
Stlth    ++........             (no amulet)
HPRegen  0.11/turn              g - +6 ring of strength
MPRegen  0.12/turn              (no ring)

@: no status effects
A: high mp 1
a: no special abilities


You were on level 3 of the Dungeon.
You visited 1 branch of the dungeon, and saw 3 of its levels.

You collected 37 gold pieces.

Inventory:

Hand Weapons
 a - a +0 short sword of draining (weapon)
Missiles
 b - 49 stones
Armour
 h - a +1 pair of boots (worn)
 o - a +0 robe of resistance (worn)
Jewellery
 g - a +6 ring of strength (left hand)
Scrolls
 j - a scroll of enchant armour
 l - 2 scrolls of blinking {unknown}
 m - a scroll of magic mapping {unknown}
 n - a scroll of identify {unknown}
Potions
 c - a potion of ambrosia {unknown}
 d - 3 potions of heal wounds {unknown}
 e - a potion of flight {unknown}
 f - a potion of brilliance {unknown}
 i - a potion of invisibility {unknown}
 k - 3 potions of curing {unknown}


   Skills:
 - Level 1.7 Dodging
 - Level 1.7 Stealth
 + Level 2.8 Spellcasting
 - Level 0.8 Transmutations
 * Level 4.5 Earth Magic


You had 2 spell levels left.
You knew the following spells:

 Your Spells              Type           Power        Failure   Level
a - Stone Arrow           Conj/Erth      24%          16%         3
b - Passwall              Tmut/Erth      11%          7%          2
c - Sandblast             Erth           42%          2%          1

Your spell library contained the following spells:

 Spells                   Type           Power        Failure   Level
 Petrify                  Tmut/Erth      14%          41%         4
 Lee's Rapid Deconstruct  Erth           10%          52%         5


Dungeon Overview and Level Annotations

Branches:
Dungeon (3/15)


Innate Abilities, Weirdness & Mutations

You have an increased reservoir of magic. (+10% MP)


Message History

The orc hits you with a +0 mace.
You closely miss the orc.
The orc is almost dead.
The orc hits you with a +0 mace.
* * * LOW HITPOINT WARNING * * *
You closely miss the orc.
The orc is almost dead.
The orc hits you with a +0 mace.
* * * LOW HITPOINT WARNING * * *
You barely miss the orc.
The orc is severely wounded.
The orc hits you with a +0 mace.
* * * LOW HITPOINT WARNING * * *
You hit the orc but do no damage.
The orc is severely wounded.
The orc closely misses you.
Unknown command.
You hit the orc. You drain the orc.
You kill the orc!
Unknown command.
You hit the orc but do no damage. The orc hits you but does no damage.
You closely miss the orc. The orc hits you with a +0 club.
* * * LOW HITPOINT WARNING * * *
You hit the orc.
The orc is moderately wounded.
The orc closely misses you.
You hit the orc. You drain the orc.
You kill the orc!
You miss the goblin. The goblin hits you.
* * * LOW HITPOINT WARNING * * *
The goblin hits you.
* * * LOW HITPOINT WARNING * * *
You hit the goblin. You drain the goblin.
The goblin is severely wounded.
The goblin barely misses you.
You hit the goblin.
You kill the goblin!
The goblin unwields a +0 club.
The goblin wields a +0 hunting sling.
The goblin shoots a stone.
The stone hits you.
You die...

#.......####
#.#.#......#
#..........#
####.........#
.....#.......#
#....<...#
#........#
##.#.#).######...
#......$..@)g.....
+........######...
#....#.#..
#....#.#... .###
#.#.... ........
.>....... ...##...


You could see a goblin.

Vanquished Creatures
  An orc wizard (D:3)
  An adder (D:2)
  An ooze (D:1)
  2 worms (D:2)
  3 dart slugs
  3 leopard geckos
  6 orcs (D:3)
  3 ball pythons
  5 giant cockroaches (D:1)
  7 goblins
  9 hobgoblins
  2 jackals (D:1)
  6 kobolds
  A quokka (D:2)
  8 bats
  A frilled lizard (D:1)
  8 rats
67 creatures vanquished.

Notes
Turn   | Place    | Note
-------+----------+-------------------------------------------
     0 | D:1      | lunkers the Demigod Earth Elementalist began the quest for
                  | the Orb.
     0 | D:1      | Reached XP level 1. HP: 14/14 MP: 5/5
   112 | D:1      | Reached skill level 3 in Earth Magic
   320 | D:1      | Reached XP level 2. HP: 20/20 MP: 5/7
   691 | D:1      | Reached XP level 3. HP: 14/26 MP: 0/9
   853 | D:1      | Learned a level 2 spell: Passwall
   857 | D:1      | Learned a level 3 spell: Stone Arrow
  1525 | D:2      | Found a basalt altar of Yredelemnul.
  1703 | D:2      | Found a faded altar of an unknown god.
  1703 | D:2      | Found a faded altar of an unknown god.
  1711 | D:2      | Found a radiant altar of Vehumet.
  1713 | D:2      | Found an ancient bone altar of Kikubaaqudgha.
  1715 | D:2      | Found a glowing golden altar of the Shining One.
  1754 | D:2      | Found a shadowy altar of Dithmenos.
  1826 | D:2      | Reached skill level 4 in Earth Magic
  2217 | D:2      | Found a faded altar of an unknown god.
  2236 | D:2      | Reached XP level 4. HP: 27/33 MP: 10/10
  2393 | D:2      | Found a burning altar of Makhleb.
  2468 | D:2      | Found an ornate altar of the Wu Jian Council.
  2936 | D:3      | Shot with a stone by a goblin

Illustrated notes

Levels and vault maps discovered:
D:1:      minmay_arrival_cross, layout_loops_corners
D:2:      layout_loops_corners, bloody_makhleb,
          chequers_temple_overflow_minitemple,
          nicolae_dithmenos_through_a_glass_darkly, nzn_wu_jian_council_hall,
          yredelemnul_altar_generic, chequers_ecumenical_altar_simple
D:3:      layout_basic, overflow_temple_1_default, minmay_misc_feat_five

Skill      XL: |  1  2  3 |
---------------+----------+-----
Earth Magic    | 3 4 |  4.5
Spellcasting   | 2 |  2.8
Dodging        | |  1.7
Stealth        | |  1.7
Transmutations | |  0.8

Action                   |  1- 3 |  4- 6 || total
-------------------------+-------+-------++-------
Melee: Short sword       |    79 |    62 ||   141
 Cast: Sandblast         |    32 |       ||    32
  Use: Scroll            |       |     1 ||     1
 Stab: Sleeping          |     3 |     1 ||     4
Armor: Robe              |    30 |    10 ||    40
Dodge: Dodged            |    69 |    24 ||    93

Table legend: (Time is in decaauts)
 A = Elapsed time spent in this place.
 B = Non-inter-level travel time spent in this place.
 C = Inter-level travel time spent in this place.
 D = Time resting spent in this place.
 E = Time spent auto-exploring this place.
 F = Levels seen in this place.
 G = Mean time per level.
                   A        B        C        D        E       F      G
               +--------+--------+--------+--------+--------+-----+--------+
         Total |   2948 |   2912 |     36 |      0 |   2372 |   3 |  982.7 |
       Dungeon |   2948 |   2912 |     36 |      0 |   2372 |   3 |  982.7 |
               +--------+--------+--------+--------+--------+-----+--------+

Top non-repeatable levels by time:
     D:2: 1542 daAuts
     D:1: 1350 daAuts
     D:3: 54 daAuts
